[ AOE2 MATCH · #503749348 ]
UnrankedWei vs Spanish
[ REPLAY ANALYSIS · EXTRACTED FROM THE RECORDED GAME ]
Feudal
8:26
Castle
12:23
Imperial
—
| APM avg | 50.8 |
| APM peak | 85 |
| eAPM avg | 26.1 |
| Villagers / military | 82 / 54 |
Focus
⚔️ 30.1% · 🌾 69.9%
Skirmisher ×45 · Unknown (1949) ×13 · Battering Ram ×4 · Petard ×3 · Scorpion ×2
Feudal
9:17
Castle
12:47
Imperial
30:51
| APM avg | 47.0 |
| APM peak | 98 |
| eAPM avg | 19.1 |
| Villagers / military | 105 / 71 |
Focus
⚔️ 30.2% · 🌾 69.8%
Conquistador ×62 · Monk ×3 · Trebuchet (Packed) ×3 · Scorpion ×2 · Mangonel ×1
Feudal
8:05
Castle
11:55
Imperial
23:56
| APM avg | 40.2 |
| APM peak | 70 |
| eAPM avg | 21.9 |
| Villagers / military | 128 / 156 |
Focus
⚔️ 35.5% · 🌾 64.5%
Spearman ×136 · Hand Cannoneer ×12 · Bombard Cannon ×6 · Monk ×2
Feudal
7:45
Castle
10:50
Imperial
24:40
| APM avg | 42.6 |
| APM peak | 81 |
| eAPM avg | 27.7 |
| Villagers / military | 131 / 162 |
Focus
⚔️ 38.2% · 🌾 61.8%
Spearman ×110 · Battle Elephant ×32 · Battering Ram ×17 · Trebuchet (Packed) ×3
Feudal
8:06
Castle
12:01
Imperial
24:03
| APM avg | 44.7 |
| APM peak | 79 |
| eAPM avg | 26.5 |
| Villagers / military | 135 / 150 |
Focus
⚔️ 37.0% · 🌾 63.0%
Longbowman ×82 · Spearman ×52 · Monk ×10 · Trebuchet (Packed) ×6
Feudal
8:00
Castle
11:38
Imperial
24:41
| APM avg | 39.6 |
| APM peak | 80 |
| eAPM avg | 23.9 |
| Villagers / military | 159 / 156 |
Focus
⚔️ 32.9% · 🌾 67.1%
Knight ×111 · Obuch ×31 · Battering Ram ×9 · Monk ×2 · Trebuchet (Packed) ×2 · Bombard Cannon ×1
Feudal
8:25
Castle
11:55
Imperial
26:00
| APM avg | 36.5 |
| APM peak | 73 |
| eAPM avg | 21.4 |
| Villagers / military | 148 / 0 |
Focus
⚔️ 26.4% · 🌾 73.6%
Unknown (1944) ×93 · Unknown (1949) ×49 · Unknown (1942) ×12
Feudal
7:42
Castle
11:27
Imperial
26:23
| APM avg | 34.1 |
| APM peak | 80 |
| eAPM avg | 19.4 |
| Villagers / military | 144 / 214 |
Focus
⚔️ 27.4% · 🌾 72.6%
Scout Cavalry ×130 · Battle Elephant ×47 · Knight ×35 · Monk ×2
Match map
Initial resources + every placement click. Lines = walls · curves = elevation contours. ◆ gold · ⬟ stone · ● berries · ✦ relic · ◌ wall gap
Your base· ✓ Closed at 12:23 · 0t walls · 3 gate(s)
Diegazo's base· ✓ Closed at 12:47 · 1t walls · 3 gate(s)
AttilathePun463's base· ✓ Closed at 11:55 · 0t walls · 2 gate(s)
b09581270's base· ✓ Closed at 10:50 · 0t walls · 3 gate(s)
Not Ben's base· ✓ Closed at 12:01 · 0t walls · 3 gate(s)
enzoyin68's base· ✓ Closed at 11:38 · 0t walls · 2 gate(s)
[TUC] Boomboy22's base· ✓ Closed at 11:55 · 0t walls · 2 gate(s)
twitch.tv/TheSeniorSmurf's base· ✓ Closed at 11:27 · 0t walls · 3 gate(s)
Smoothed initial terrain · ◌ = detected wall gap · hover for details
Inputs per minute
— 16+顛峰 猛起 - - Diegazo
Build order — 16+顛峰 猛起
First 150 of 264 actions detected
| 0:01 | Queue | Villager (Male) |
| 0:01 | Queue | Villager (Male) |
| 0:02 | Queue | Villager (Male) |
| 0:05 | Build | Lumber Camp |
| 0:35 | Queue | Villager (Male) |
| 0:36 | Queue | Villager (Male) |
| 1:05 | Queue | Villager (Male) |
| 1:05 | Queue | Villager (Male) |
| 1:30 | Build | House |
| 1:34 | Queue | Villager (Male) |
| 1:34 | Queue | Villager (Male) |
| 1:51 | Queue | Villager (Male) |
| 1:51 | Queue | Villager (Male) |
| 2:20 | Queue | Villager (Male) |
| 2:21 | Queue | Villager (Male) |
| 2:35 | Queue | Villager (Male) |
| 2:45 | Queue | Villager (Male) |
| 2:57 | Build | House |
| 3:03 | Queue | Villager (Male) |
| 3:04 | Queue | Villager (Male) |
| 3:12 | Build | Mill |
| 3:49 | Queue | Villager (Male) |
| 3:51 | Queue | Villager (Male) |
| 3:51 | Queue | Villager (Male) |
| 3:58 | Queue | Villager (Male) |
| 4:04 | Queue | Villager (Male) |
| 4:26 | Queue | Villager (Male) |
| 4:26 | Queue | Villager (Male) |
| 4:41 | Build | Mining Camp |
| 4:45 | Queue | Villager (Male) |
| 4:59 | Queue | Villager (Male) |
| 5:14 | Build | Mining Camp |
| 6:11 | Research | Feudal Age |
| 6:50 | Build | House |
| 7:13 | Queue | Villager (Male) |
| 7:14 | Research | Loom |
| 8:26 | Age | Feudal Age |
| 8:28 | Queue | Villager (Male) |
| 8:31 | Build | Market |
| 8:33 | Build | Blacksmith |
| 9:43 | Research | Castle Age |
| 9:43 | Research | Castle Age |
| 10:46 | Research | Double-Bit Axe |
| 11:02 | Build | Farm |
| 11:37 | Research | Horse Collar |
| 11:49 | Build | House |
| 12:06 | Research | Gold Mining |
| 12:23 | Age | Castle Age |
| 12:35 | Build | Castle |
| 12:42 | Queue | Villager (Male) |
| 12:50 | Build | Farm |
| 12:51 | Build | Farm |
| 12:53 | Build | Farm |
| 12:58 | Queue | Villager (Male) |
| 13:00 | Build | Farm |
| 13:41 | Queue | Unit 1949 |
| 13:41 | Queue | Unit 1949 |
| 13:57 | Build | Farm |
| 14:08 | Queue | Unit 1949 |
| 14:34 | Build | Mill |
| 14:47 | Queue | Petard |
| 15:16 | Queue | Petard |
| 15:16 | Queue | Petard |
| 15:19 | Build | Farm |
| 15:34 | Queue | Villager (Male) |
| 15:37 | Build | Farm |
| 15:44 | Queue | Unit 1949 |
| 15:44 | Queue | Unit 1949 |
| 15:45 | Queue | Villager (Male) |
| 16:26 | Queue | Villager (Male) |
| 16:38 | Research | Fletching |
| 16:39 | Research | Fletching |
| 16:45 | Build | Siege Workshop |
| 16:49 | Queue | Villager (Male) |
| 17:19 | Queue | Unit 1949 |
| 17:20 | Queue | Scorpion |
| 17:20 | Queue | Scorpion |
| 17:23 | Queue | Villager (Male) |
| 17:40 | Queue | Battering Ram |
| 17:46 | Queue | Unit 1949 |
| 17:52 | Research | Scale Barding Armor |
| 17:56 | Queue | Villager (Male) |
| 18:05 | Queue | Unit 1949 |
| 18:15 | Queue | Villager (Male) |
| 18:32 | Queue | Battering Ram |
| 18:32 | Queue | Battering Ram |
| 18:34 | Queue | Villager (Male) |
| 19:01 | Queue | Unit 1949 |
| 19:22 | Research | Chain Barding Armor |
| 19:25 | Queue | Battering Ram |
| 19:26 | Queue | Villager (Male) |
| 19:30 | Queue | Villager (Male) |
| 19:49 | Queue | Unit 1949 |
| 20:06 | Build | Mining Camp |
| 20:08 | Queue | Villager (Male) |
| 20:13 | Build | House |
| 20:16 | Queue | Unit 1949 |
| 20:29 | Build | Watch Tower |
| 20:44 | Queue | Unit 1949 |
| 20:48 | Queue | Villager (Male) |
| 20:56 | Build | House |
| 20:58 | Build | House |
| 20:59 | Build | House |
| 21:01 | Build | House |
| 21:02 | Build | House |
| 21:25 | Queue | Villager (Male) |
| 21:50 | Build | Farm |
| 21:51 | Build | Farm |
| 21:53 | Build | Farm |
| 21:55 | Build | Farm |
| 22:00 | Build | House |
| 22:23 | Research | Bodkin Arrow |
| 22:23 | Research | Bodkin Arrow |
| 22:44 | Queue | Villager (Male) |
| 22:46 | Build | Farm |
| 23:11 | Queue | Villager (Male) |
| 23:15 | Build | Farm |
| 23:16 | Build | Farm |
| 23:28 | Build | Barracks |
| 24:06 | Queue | Villager (Male) |
| 24:08 | Build | Lumber Camp |
| 24:13 | Build | Stable |
| 24:43 | Queue | Villager (Male) |
| 24:51 | Build | Mining Camp |
| 25:05 | Research | Tech 1061 |
| 25:05 | Research | Tech 1061 |
| 25:07 | Queue | Villager (Male) |
| 25:20 | Queue | Villager (Male) |
| 25:32 | Research | Light Cavalry (upgrade) |
| 25:38 | Build | Farm |
| 25:43 | Build | Archery Range |
| 25:47 | Build | Archery Range |
| 25:51 | Queue | Villager (Male) |
| 25:58 | Build | Farm |
| 25:59 | Build | Farm |
| 26:29 | Queue | Villager (Male) |
| 26:38 | Build | Archery Range |
| 26:54 | Queue | Villager (Male) |
| 27:02 | Build | Archery Range |
| 27:07 | Build | Archery Range |
| 27:08 | Queue | Skirmisher |
| 27:21 | Research | Bow Saw |
| 27:21 | Research | Bow Saw |
| 27:21 | Queue | Villager (Male) |
| 27:25 | Queue | Skirmisher |
| 27:43 | Queue | Skirmisher |
| 28:02 | Research | Elite Skirmisher (upgrade) |
| 28:06 | Queue | Villager (Male) |
| 28:07 | Build | Farm |
| 28:15 | Queue | Skirmisher |
Build order — Diegazo
First 150 of 285 actions detected
| 0:02 | Queue | Villager (Male) ×2 |
| 0:08 | Build | Lumber Camp |
| 0:33 | Build | House |
| 0:33 | Build | House |
| 0:42 | Queue | Villager (Male) |
| 0:42 | Queue | Villager (Male) |
| 1:02 | Queue | Villager (Male) |
| 1:02 | Queue | Villager (Male) |
| 1:22 | Queue | Villager (Male) |
| 1:22 | Queue | Villager (Male) |
| 2:03 | Queue | Villager (Male) |
| 2:03 | Queue | Villager (Male) |
| 2:09 | Build | Mining Camp |
| 2:26 | Queue | Villager (Male) |
| 2:27 | Queue | Villager (Male) |
| 2:33 | Queue | Villager (Male) |
| 2:33 | Queue | Villager (Male) |
| 2:49 | Queue | Villager (Male) |
| 2:49 | Queue | Villager (Male) |
| 2:50 | Queue | Villager (Male) |
| 3:16 | Queue | Villager (Male) |
| 3:16 | Queue | Villager (Male) |
| 3:17 | Queue | Villager (Male) |
| 3:17 | Queue | Villager (Male) |
| 3:41 | Build | Mill |
| 3:42 | Queue | Villager (Male) |
| 3:43 | Queue | Villager (Male) |
| 4:03 | Queue | Villager (Male) |
| 4:03 | Queue | Villager (Male) |
| 4:03 | Queue | Villager (Male) |
| 4:04 | Queue | Villager (Male) |
| 4:29 | Queue | Villager (Male) |
| 4:29 | Queue | Villager (Male) |
| 4:37 | Build | House |
| 4:38 | Build | House |
| 4:58 | Queue | Villager (Male) |
| 5:19 | Queue | Villager (Male) |
| 5:22 | Build | Mining Camp |
| 6:21 | Research | Loom |
| 6:22 | Research | Feudal Age |
| 9:01 | Queue | Villager (Male) |
| 9:01 | Queue | Villager (Male) |
| 9:17 | Age | Feudal Age |
| 9:22 | Build | Market |
| 9:26 | Build | Blacksmith |
| 9:52 | Build | Gate |
| 10:03 | Research | Castle Age |
| 10:28 | Research | Horse Collar |
| 10:56 | Build | House |
| 10:58 | Build | House |
| 11:00 | Build | Stone Wall |
| 11:08 | Build | Farm |
| 11:27 | Build | Farm |
| 11:34 | Build | Farm |
| 11:38 | Queue | Villager (Male) |
| 11:47 | Research | Double-Bit Axe |
| 11:52 | Build | Farm |
| 12:31 | Build | House |
| 12:47 | Age | Castle Age |
| 12:49 | Build | House |
| 12:59 | Queue | Villager (Male) |
| 12:59 | Queue | Villager (Male) |
| 13:16 | Build | Castle |
| 13:21 | Build | House |
| 13:25 | Build | Gate |
| 13:28 | Queue | Villager (Male) |
| 13:30 | Build | Farm |
| 13:42 | Build | Gate |
| 13:50 | Queue | Villager (Male) |
| 13:54 | Build | Town Center |
| 13:55 | Build | Farm |
| 14:21 | Build | Mining Camp |
| 14:27 | Build | Farm |
| 14:34 | Queue | Conquistador |
| 14:43 | Build | Farm |
| 14:44 | Queue | Villager (Male) |
| 14:56 | Queue | Conquistador |
| 15:06 | Queue | Villager (Male) |
| 15:21 | Build | House |
| 15:22 | Build | House |
| 15:24 | Build | House |
| 15:31 | Build | Farm |
| 15:33 | Queue | Conquistador |
| 15:42 | Build | Farm |
| 15:46 | Build | Gate |
| 15:55 | Build | House |
| 15:58 | Queue | Villager (Male) |
| 16:04 | Build | Farm |
| 16:05 | Build | Farm |
| 16:27 | Build | Farm |
| 16:31 | Build | Farm |
| 16:38 | Queue | Conquistador |
| 16:38 | Queue | Villager (Male) |
| 16:51 | Queue | Villager (Male) |
| 17:07 | Build | Farm |
| 17:09 | Build | Farm |
| 17:11 | Build | Farm |
| 17:22 | Queue | Villager (Male) |
| 17:22 | Queue | Villager (Male) |
| 17:22 | Queue | Villager (Male) |
| 17:23 | Queue | Villager (Male) |
| 17:26 | Build | Farm |
| 17:31 | Queue | Conquistador |
| 17:39 | Build | Farm |
| 17:41 | Queue | Villager (Male) |
| 17:54 | Research | Padded Archer Armor |
| 17:57 | Queue | Villager (Male) |
| 17:57 | Queue | Villager (Male) |
| 18:04 | Build | Gate |
| 18:14 | Queue | Villager (Male) |
| 18:15 | Queue | Villager (Male) |
| 18:16 | Queue | Villager (Male) |
| 18:20 | Build | Farm |
| 18:32 | Queue | Villager (Male) |
| 18:35 | Build | Farm |
| 18:39 | Queue | Villager (Male) |
| 19:05 | Queue | Villager (Male) |
| 19:07 | Build | Farm |
| 19:07 | Queue | Villager (Male) |
| 19:09 | Queue | Conquistador |
| 19:09 | Queue | Conquistador |
| 19:25 | Queue | Conquistador |
| 19:26 | Queue | Conquistador |
| 19:26 | Queue | Conquistador |
| 19:29 | Queue | Villager (Male) |
| 19:29 | Queue | Villager (Male) |
| 19:32 | Build | Farm |
| 19:46 | Build | Siege Workshop |
| 19:48 | Queue | Conquistador |
| 19:49 | Queue | Conquistador |
| 19:56 | Queue | Villager (Male) |
| 19:59 | Build | Farm |
| 20:00 | Queue | Conquistador |
| 20:08 | Queue | Mangonel |
| 20:27 | Build | Farm |
| 20:29 | Queue | Villager (Male) |
| 20:29 | Queue | Villager (Male) |
| 20:31 | Queue | Villager (Male) |
| 21:00 | Build | Gate |
| 21:03 | Build | Gate |
| 21:11 | Build | Gate |
| 21:16 | Build | House |
| 21:42 | Queue | Villager (Male) |
| 21:42 | Queue | Villager (Male) |
| 21:43 | Queue | Villager (Male) |
| 21:43 | Queue | Villager (Male) |
| 21:56 | Queue | Conquistador |
| 21:57 | Queue | Villager (Male) |
| 21:58 | Queue | Villager (Male) |
| 22:05 | Build | Barracks |
Build order — AttilathePun463
First 150 of 298 actions detected
| 0:01 | Queue | Villager (Male) |
| 0:06 | Build | Lumber Camp |
| 0:23 | Queue | Villager (Male) |
| 0:23 | Queue | Villager (Male) |
| 0:49 | Queue | Villager (Male) |
| 0:50 | Queue | Villager (Male) |
| 1:23 | Build | House |
| 1:23 | Build | House |
| 1:28 | Queue | Villager (Male) |
| 1:56 | Queue | Villager (Male) |
| 1:56 | Queue | Villager (Male) |
| 2:20 | Queue | Villager (Male) |
| 2:42 | Queue | Villager (Male) |
| 2:52 | Build | Mill |
| 2:56 | Queue | Villager (Male) |
| 3:18 | Queue | Villager (Male) |
| 4:05 | Queue | Villager (Male) |
| 4:05 | Queue | Villager (Male) |
| 4:06 | Queue | Villager (Male) |
| 4:19 | Queue | Villager (Male) |
| 4:54 | Queue | Villager (Male) |
| 5:55 | Research | Feudal Age |
| 5:55 | Research | Feudal Age |
| 6:47 | Queue | Villager (Male) |
| 6:47 | Queue | Villager (Male) |
| 8:05 | Age | Feudal Age |
| 8:08 | Build | Blacksmith |
| 8:10 | Build | Market |
| 8:12 | Build | House |
| 9:15 | Research | Castle Age |
| 10:37 | Research | Double-Bit Axe |
| 10:37 | Research | Horse Collar |
| 11:11 | Queue | Villager (Male) |
| 11:12 | Build | Farm |
| 11:13 | Build | Farm |
| 11:13 | Build | Farm |
| 11:15 | Build | Farm |
| 11:16 | Build | Farm |
| 11:35 | Build | Farm |
| 11:55 | Age | Castle Age |
| 11:58 | Research | Bow Saw |
| 12:07 | Build | Town Center |
| 12:12 | Queue | Villager (Male) |
| 12:26 | Queue | Villager (Male) |
| 12:27 | Build | Farm |
| 12:30 | Build | Farm |
| 12:47 | Build | Market |
| 12:53 | Build | Monastery |
| 12:56 | Build | Farm |
| 13:02 | Build | Farm |
| 13:05 | Queue | Villager (Male) |
| 13:23 | Build | Farm |
| 13:36 | Build | House |
| 13:40 | Queue | Villager (Male) |
| 13:40 | Queue | Villager (Male) |
| 13:41 | Build | Farm |
| 13:51 | Build | Siege Workshop |
| 13:52 | Build | Farm |
| 13:56 | Queue | Villager (Male) |
| 13:59 | Research | Loom |
| 14:03 | Build | Farm |
| 14:09 | Build | Farm |
| 14:38 | Build | Farm |
| 14:40 | Queue | Villager (Male) |
| 14:40 | Queue | Villager (Male) |
| 14:46 | Build | House |
| 14:47 | Build | House |
| 14:48 | Build | House |
| 15:00 | Queue | Villager (Male) |
| 15:00 | Queue | Villager (Male) |
| 15:03 | Queue | Monk |
| 15:19 | Build | Farm |
| 15:29 | Queue | Villager (Male) |
| 15:30 | Queue | Villager (Male) |
| 15:41 | Build | Farm |
| 15:52 | Build | Farm |
| 15:54 | Queue | Villager (Male) |
| 15:54 | Queue | Villager (Male) |
| 16:16 | Build | Farm |
| 16:18 | Queue | Villager (Male) |
| 16:18 | Queue | Villager (Male) |
| 16:23 | Build | Lumber Camp |
| 16:32 | Queue | Villager (Male) |
| 16:34 | Build | Farm |
| 16:38 | Queue | Villager (Male) |
| 17:11 | Queue | Villager (Male) |
| 17:11 | Queue | Villager (Male) |
| 17:13 | Build | Farm |
| 17:33 | Build | Farm |
| 17:51 | Build | Farm |
| 17:52 | Build | Farm |
| 17:56 | Queue | Villager (Male) |
| 17:56 | Queue | Villager (Male) |
| 18:05 | Build | University |
| 18:06 | Build | House |
| 18:07 | Build | House |
| 18:11 | Build | Barracks |
| 18:16 | Queue | Villager (Male) |
| 18:16 | Queue | Villager (Male) |
| 18:20 | Build | Farm |
| 18:21 | Build | Farm |
| 18:21 | Build | Farm |
| 18:25 | Build | Farm |
| 18:32 | Research | Fervor |
| 18:35 | Research | Wheelbarrow |
| 19:04 | Queue | Monk |
| 19:09 | Build | Farm |
| 19:10 | Queue | Villager (Male) |
| 19:10 | Queue | Villager (Male) |
| 19:28 | Build | Archery Range |
| 19:29 | Build | Archery Range |
| 19:38 | Queue | Villager (Male) |
| 19:43 | Build | House |
| 19:48 | Build | Lumber Camp |
| 20:13 | Queue | Villager (Male) |
| 20:13 | Queue | Villager (Male) |
| 20:14 | Queue | Villager (Male) |
| 20:46 | Research | Imperial Age |
| 20:48 | Queue | Villager (Male) |
| 20:49 | Queue | Villager (Male) |
| 20:57 | Queue | Villager (Male) |
| 20:57 | Queue | Villager (Male) |
| 21:06 | Build | Town Center |
| 21:19 | Research | Heavy Plow |
| 21:25 | Build | House |
| 21:26 | Build | House |
| 21:30 | Build | House |
| 21:48 | Queue | Villager (Male) |
| 21:52 | Research | Chemistry |
| 21:53 | Research | Chemistry |
| 22:37 | Queue | Villager (Male) |
| 22:38 | Queue | Villager (Male) |
| 22:38 | Queue | Villager (Male) |
| 22:51 | Research | Squires |
| 22:52 | Research | Scale Mail Armor |
| 22:57 | Queue | Villager (Male) |
| 22:57 | Queue | Villager (Male) |
| 23:01 | Build | House |
| 23:01 | Build | House |
| 23:28 | Queue | Villager (Male) |
| 23:30 | Queue | Villager (Male) |
| 23:30 | Queue | Villager (Male) |
| 23:42 | Research | Hand Cart |
| 23:56 | Age | Imperial Age |
| 23:59 | Queue | Hand Cannoneer |
| 24:00 | Queue | Hand Cannoneer |
| 24:02 | Queue | Bombard Cannon |
| 24:06 | Queue | Villager (Male) |
| 24:07 | Queue | Villager (Male) |
| 24:07 | Queue | Villager (Male) |
Build order — b09581270
First 150 of 518 actions detected
| 0:02 | Queue | Villager (Male) ×2 |
| 0:05 | Build | Lumber Camp |
| 0:34 | Queue | Villager (Male) |
| 1:06 | Build | House |
| 1:25 | Queue | Villager (Male) |
| 1:46 | Queue | Villager (Male) |
| 1:46 | Queue | Villager (Male) |
| 1:51 | Queue | Villager (Male) |
| 1:51 | Queue | Villager (Male) |
| 2:33 | Queue | Villager (Male) |
| 2:48 | Queue | Villager (Male) |
| 3:06 | Queue | Villager (Male) |
| 3:07 | Queue | Villager (Male) |
| 3:17 | Build | Mill |
| 3:23 | Queue | Villager (Male) |
| 3:23 | Queue | Villager (Male) |
| 3:30 | Build | House |
| 4:18 | Queue | Villager (Male) |
| 4:19 | Queue | Villager (Male) |
| 4:56 | Build | Mining Camp |
| 5:31 | Research | Feudal Age |
| 7:43 | Queue | Villager (Male) |
| 7:45 | Age | Feudal Age |
| 8:06 | Research | Double-Bit Axe |
| 8:09 | Research | Castle Age |
| 8:09 | Research | Castle Age |
| 8:28 | Research | Horse Collar |
| 8:28 | Research | Horse Collar |
| 8:53 | Build | Farm |
| 8:54 | Build | Farm |
| 9:00 | Build | Farm |
| 9:55 | Build | Farm |
| 9:57 | Build | Farm |
| 10:01 | Build | Farm |
| 10:14 | Build | Farm |
| 10:22 | Build | House |
| 10:23 | Build | House |
| 10:31 | Research | Wheelbarrow |
| 10:50 | Age | Castle Age |
| 10:51 | Queue | Villager (Male) |
| 10:59 | Build | Town Center |
| 11:22 | Research | Bow Saw |
| 11:22 | Research | Bow Saw |
| 11:30 | Queue | Villager (Male) |
| 11:33 | Build | Farm |
| 11:58 | Build | Farm |
| 12:01 | Queue | Villager (Male) |
| 12:07 | Queue | Villager (Male) |
| 12:09 | Queue | Villager (Male) |
| 12:18 | Build | Farm |
| 12:28 | Build | Farm |
| 12:32 | Build | Farm |
| 12:37 | Queue | Villager (Male) |
| 12:49 | Build | Farm |
| 13:01 | Queue | Villager (Male) |
| 13:02 | Queue | Villager (Male) |
| 13:14 | Build | Farm |
| 13:25 | Queue | Villager (Male) |
| 13:26 | Queue | Villager (Male) |
| 13:29 | Build | House |
| 13:30 | Build | House |
| 13:41 | Build | Farm |
| 13:49 | Queue | Villager (Male) |
| 13:50 | Queue | Villager (Male) |
| 14:12 | Build | Town Center |
| 14:16 | Queue | Villager (Male) |
| 14:17 | Queue | Villager (Male) |
| 14:20 | Build | House |
| 14:20 | Build | House |
| 14:32 | Build | Farm |
| 14:43 | Research | Heavy Plow |
| 14:43 | Research | Heavy Plow |
| 14:55 | Queue | Villager (Male) |
| 14:56 | Queue | Villager (Male) |
| 15:02 | Build | Farm |
| 15:03 | Build | Farm |
| 15:07 | Queue | Villager (Male) |
| 15:08 | Queue | Villager (Male) |
| 15:22 | Queue | Villager (Male) |
| 15:24 | Queue | Villager (Male) |
| 15:36 | Build | Farm |
| 15:38 | Queue | Villager (Male) |
| 15:41 | Queue | Villager (Male) |
| 15:43 | Build | Farm |
| 15:45 | Build | Farm |
| 15:50 | Build | Farm |
| 15:50 | Queue | Villager (Male) |
| 16:04 | Queue | Villager (Male) |
| 16:04 | Queue | Villager (Male) |
| 16:20 | Queue | Villager (Male) |
| 16:21 | Queue | Villager (Male) |
| 16:22 | Queue | Villager (Male) |
| 16:44 | Build | Town Center |
| 16:48 | Queue | Villager (Male) |
| 16:48 | Queue | Villager (Male) |
| 16:49 | Queue | Villager (Male) |
| 17:04 | Queue | Villager (Male) |
| 17:11 | Build | House |
| 17:12 | Build | House |
| 17:13 | Build | House |
| 17:14 | Build | House |
| 17:20 | Build | House |
| 17:21 | Build | House |
| 17:25 | Queue | Villager (Male) |
| 17:26 | Queue | Villager (Male) |
| 17:27 | Queue | Villager (Male) |
| 17:36 | Queue | Villager (Male) |
| 17:37 | Queue | Villager (Male) |
| 17:39 | Build | Farm |
| 17:39 | Build | Farm |
| 17:42 | Build | Farm |
| 17:43 | Build | Farm |
| 17:44 | Build | Farm |
| 17:45 | Queue | Villager (Male) |
| 17:47 | Queue | Villager (Male) |
| 17:47 | Queue | Villager (Male) |
| 18:00 | Build | Farm |
| 18:01 | Build | Farm |
| 18:08 | Research | Gold Mining |
| 18:08 | Research | Gold Mining |
| 18:13 | Queue | Villager (Male) |
| 18:16 | Build | Farm |
| 18:20 | Build | Lumber Camp |
| 18:26 | Build | Farm |
| 18:27 | Build | Farm |
| 18:32 | Queue | Villager (Male) |
| 18:33 | Queue | Villager (Male) |
| 18:34 | Queue | Villager (Male) |
| 18:34 | Queue | Villager (Male) |
| 18:43 | Build | Lumber Camp |
| 18:46 | Queue | Villager (Male) |
| 18:52 | Queue | Villager (Male) |
| 18:53 | Queue | Villager (Male) |
| 18:55 | Queue | Villager (Male) |
| 19:04 | Queue | Villager (Male) |
| 19:14 | Queue | Villager (Male) |
| 19:15 | Queue | Villager (Male) |
| 19:18 | Build | Farm |
| 19:22 | Queue | Villager (Male) |
| 19:23 | Queue | Villager (Male) |
| 19:24 | Queue | Villager (Male) |
| 19:30 | Build | Town Center |
| 19:37 | Build | Farm |
| 19:38 | Build | Farm |
| 19:39 | Build | Farm |
| 19:41 | Queue | Villager (Male) |
| 19:42 | Queue | Villager (Male) |
| 19:48 | Queue | Villager (Male) |
| 19:52 | Build | Farm |
| 19:56 | Build | Farm |
Build order — Not Ben
First 150 of 420 actions detected
| 0:06 | Queue | Villager (Male) |
| 0:06 | Queue | Villager (Male) |
| 0:07 | Queue | Villager (Male) |
| 0:07 | Queue | Villager (Male) |
| 0:22 | Build | Lumber Camp |
| 0:38 | Queue | Villager (Male) |
| 1:05 | Queue | Villager (Male) |
| 1:05 | Queue | Villager (Male) |
| 1:25 | Build | House |
| 1:26 | Build | House |
| 1:39 | Queue | Villager (Male) |
| 1:47 | Queue | Villager (Male) |
| 1:47 | Queue | Villager (Male) |
| 1:47 | Queue | Villager (Male) |
| 1:55 | Build | Mill |
| 2:09 | Queue | Villager (Male) |
| 2:10 | Queue | Villager (Male) |
| 2:10 | Queue | Villager (Male) |
| 2:37 | Queue | Villager (Male) |
| 2:37 | Queue | Villager (Male) |
| 2:58 | Queue | Villager (Male) |
| 2:58 | Queue | Villager (Male) |
| 2:58 | Queue | Villager (Male) |
| 3:12 | Queue | Villager (Male) |
| 3:12 | Queue | Villager (Male) |
| 3:12 | Queue | Villager (Male) |
| 3:32 | Build | Farm |
| 3:49 | Queue | Villager (Male) |
| 3:49 | Queue | Villager (Male) |
| 3:57 | Build | Farm |
| 3:58 | Queue | Villager (Male) |
| 3:58 | Queue | Villager (Male) |
| 3:59 | Queue | Villager (Male) |
| 4:21 | Build | Lumber Camp |
| 4:30 | Queue | Villager (Male) |
| 4:30 | Queue | Villager (Male) |
| 4:37 | Queue | Villager (Male) |
| 4:37 | Queue | Villager (Male) |
| 5:38 | Build | Mining Camp |
| 5:45 | Research | Feudal Age |
| 5:45 | Research | Feudal Age |
| 6:40 | Build | House |
| 7:59 | Queue | Villager (Male) |
| 7:59 | Queue | Villager (Male) |
| 7:59 | Queue | Villager (Male) |
| 8:06 | Age | Feudal Age |
| 8:08 | Build | Blacksmith |
| 8:11 | Build | Market |
| 9:09 | Build | House |
| 9:10 | Research | Castle Age |
| 9:10 | Research | Castle Age |
| 9:21 | Research | Double-Bit Axe |
| 9:22 | Research | Double-Bit Axe |
| 9:28 | Build | House |
| 10:17 | Research | Horse Collar |
| 10:17 | Research | Horse Collar |
| 10:36 | Build | Farm |
| 10:39 | Build | Farm |
| 11:19 | Research | Gold Mining |
| 11:20 | Research | Gold Mining |
| 11:27 | Build | Farm |
| 12:01 | Age | Castle Age |
| 12:08 | Build | Monastery |
| 12:13 | Build | Town Center |
| 12:29 | Build | Town Center |
| 12:33 | Queue | Villager (Male) |
| 12:33 | Queue | Villager (Male) |
| 12:33 | Queue | Villager (Male) |
| 12:33 | Queue | Villager (Male) |
| 12:50 | Build | Farm |
| 13:00 | Research | Wheelbarrow |
| 13:01 | Research | Wheelbarrow |
| 13:09 | Queue | Monk |
| 13:09 | Queue | Monk |
| 13:19 | Queue | Villager (Male) |
| 13:19 | Queue | Villager (Male) |
| 13:37 | Build | Mining Camp |
| 13:43 | Queue | Villager (Male) |
| 13:43 | Queue | Villager (Male) |
| 13:47 | Queue | Villager (Male) |
| 13:57 | Build | Farm |
| 13:58 | Build | Farm |
| 13:58 | Build | Farm |
| 13:58 | Build | Farm |
| 13:58 | Build | Farm |
| 13:59 | Build | Farm |
| 14:09 | Build | Farm |
| 14:10 | Queue | Villager (Male) |
| 14:10 | Queue | Villager (Male) |
| 14:14 | Queue | Monk |
| 14:27 | Build | Farm |
| 14:59 | Build | Farm |
| 14:59 | Build | Farm |
| 14:59 | Build | Farm |
| 14:59 | Build | Farm |
| 15:03 | Queue | Villager (Male) |
| 15:03 | Queue | Villager (Male) |
| 15:03 | Queue | Villager (Male) |
| 15:05 | Build | Farm |
| 15:09 | Queue | Villager (Male) |
| 15:09 | Queue | Villager (Male) |
| 15:19 | Build | Farm |
| 15:24 | Queue | Villager (Male) |
| 15:24 | Queue | Villager (Male) |
| 15:25 | Queue | Villager (Male) |
| 15:51 | Queue | Monk |
| 15:54 | Queue | Villager (Male) |
| 15:55 | Queue | Villager (Male) |
| 15:55 | Queue | Villager (Male) |
| 16:07 | Queue | Villager (Male) |
| 16:07 | Queue | Villager (Male) |
| 16:09 | Build | Farm |
| 16:10 | Build | Farm |
| 16:10 | Build | Farm |
| 16:14 | Queue | Villager (Male) |
| 16:14 | Queue | Villager (Male) |
| 16:19 | Queue | Villager (Male) |
| 16:19 | Queue | Villager (Male) |
| 16:52 | Queue | Villager (Male) |
| 16:52 | Queue | Villager (Male) |
| 16:52 | Queue | Villager (Male) |
| 16:55 | Build | Farm |
| 16:55 | Build | Farm |
| 16:55 | Build | Farm |
| 16:59 | Build | House |
| 17:00 | Build | House |
| 17:01 | Build | House |
| 17:01 | Build | House |
| 17:49 | Research | Sanctity |
| 17:49 | Research | Sanctity |
| 18:02 | Build | Farm |
| 18:03 | Build | Farm |
| 18:06 | Research | Stone Mining |
| 18:44 | Queue | Villager (Male) |
| 18:44 | Queue | Villager (Male) |
| 18:44 | Queue | Villager (Male) |
| 18:45 | Queue | Villager (Male) |
| 18:45 | Queue | Villager (Male) |
| 18:51 | Build | Town Center |
| 19:11 | Queue | Villager (Male) |
| 19:11 | Queue | Villager (Male) |
| 19:11 | Queue | Villager (Male) |
| 19:11 | Queue | Villager (Male) |
| 19:15 | Research | Bow Saw |
| 19:15 | Research | Bow Saw |
| 19:17 | Build | Lumber Camp |
| 19:50 | Build | University |
| 19:54 | Queue | Villager (Male) |
| 19:55 | Queue | Villager (Male) |
| 19:56 | Build | House |
Build order — enzoyin68
First 150 of 445 actions detected
| 0:00 | Queue | Villager (Male) |
| 0:01 | Queue | Villager (Male) |
| 0:04 | Build | Lumber Camp |
| 0:35 | Queue | Villager (Male) |
| 1:05 | Queue | Villager (Male) |
| 1:05 | Queue | Villager (Male) |
| 1:18 | Build | Mill |
| 1:36 | Queue | Villager (Male) |
| 1:52 | Queue | Villager (Male) |
| 2:21 | Queue | Villager (Male) |
| 2:24 | Queue | Villager (Male) |
| 2:43 | Queue | Villager (Male) |
| 2:49 | Build | House |
| 3:31 | Queue | Villager (Male) |
| 3:38 | Queue | Villager (Male) |
| 3:45 | Queue | Villager (Male) |
| 4:16 | Queue | Villager (Male) |
| 5:18 | Queue | Villager (Male) |
| 5:33 | Research | Feudal Age |
| 6:26 | Build | House |
| 7:31 | Queue | Villager (Male) |
| 7:43 | Queue | Villager (Male) |
| 8:00 | Age | Feudal Age |
| 8:05 | Build | Market |
| 8:07 | Build | Blacksmith |
| 8:12 | Build | Farm |
| 8:15 | Build | Farm |
| 8:58 | Research | Castle Age |
| 9:17 | Build | Lumber Camp |
| 10:10 | Research | Horse Collar |
| 10:11 | Research | Double-Bit Axe |
| 11:03 | Queue | Villager (Male) |
| 11:38 | Age | Castle Age |
| 11:39 | Build | Town Center |
| 11:43 | Build | Town Center |
| 11:46 | Research | Heavy Plow |
| 11:50 | Queue | Villager (Male) |
| 12:04 | Build | Farm |
| 12:08 | Build | Farm |
| 12:11 | Build | Farm |
| 12:24 | Queue | Villager (Male) |
| 12:36 | Research | Bow Saw |
| 12:43 | Build | Farm |
| 12:45 | Queue | Villager (Male) |
| 12:56 | Build | Farm |
| 13:00 | Queue | Villager (Male) |
| 13:05 | Queue | Villager (Male) |
| 13:17 | Queue | Villager (Male) |
| 13:19 | Build | Farm |
| 13:31 | Queue | Villager (Male) |
| 13:43 | Build | Mill |
| 13:44 | Queue | Villager (Male) |
| 13:50 | Build | Farm |
| 13:50 | Queue | Villager (Male) |
| 14:03 | Build | Farm |
| 14:03 | Build | Farm |
| 14:03 | Build | Farm |
| 14:04 | Build | Farm |
| 14:04 | Build | Farm |
| 14:13 | Queue | Villager (Male) |
| 14:22 | Build | House |
| 14:27 | Queue | Villager (Male) |
| 14:34 | Build | Mill |
| 14:35 | Queue | Villager (Male) |
| 14:35 | Queue | Villager (Male) |
| 14:38 | Queue | Villager (Male) |
| 14:48 | Build | Monastery |
| 14:48 | Queue | Villager (Male) |
| 14:49 | Queue | Villager (Male) |
| 14:55 | Build | House |
| 15:04 | Queue | Villager (Male) |
| 15:11 | Queue | Villager (Male) |
| 15:14 | Build | Farm |
| 15:15 | Build | Farm |
| 15:15 | Build | Farm |
| 15:15 | Build | Farm |
| 15:15 | Build | Farm |
| 15:23 | Queue | Villager (Male) |
| 15:30 | Build | House |
| 15:35 | Build | Farm |
| 15:35 | Queue | Villager (Male) |
| 15:36 | Queue | Villager (Male) |
| 15:43 | Queue | Villager (Male) |
| 15:47 | Queue | Villager (Male) |
| 15:53 | Queue | Monk |
| 15:54 | Queue | Villager (Male) |
| 15:56 | Build | Farm |
| 15:56 | Queue | Villager (Male) |
| 16:00 | Build | House |
| 16:01 | Build | House |
| 16:04 | Build | Farm |
| 16:05 | Queue | Villager (Male) |
| 16:08 | Build | Farm |
| 16:08 | Queue | Villager (Male) |
| 16:12 | Queue | Villager (Male) |
| 16:14 | Queue | Villager (Male) |
| 16:20 | Queue | Villager (Male) |
| 16:27 | Build | Mill |
| 16:27 | Queue | Villager (Male) |
| 16:39 | Build | Town Center |
| 16:59 | Build | Mill |
| 16:59 | Queue | Villager (Male) |
| 17:05 | Queue | Villager (Male) |
| 17:15 | Build | House |
| 17:17 | Build | House |
| 17:30 | Queue | Villager (Male) |
| 17:32 | Research | Wheelbarrow |
| 17:33 | Queue | Villager (Male) |
| 17:42 | Build | Mill |
| 17:43 | Build | Farm |
| 17:43 | Build | Farm |
| 17:43 | Build | Farm |
| 17:44 | Build | Farm |
| 17:44 | Build | Farm |
| 17:47 | Queue | Villager (Male) |
| 17:49 | Queue | Villager (Male) |
| 17:56 | Build | Lumber Camp |
| 18:02 | Queue | Villager (Male) |
| 18:04 | Build | Farm |
| 18:08 | Queue | Villager (Male) |
| 18:08 | Queue | Villager (Male) |
| 18:17 | Queue | Villager (Male) |
| 18:20 | Queue | Monk |
| 18:23 | Queue | Villager (Male) |
| 18:26 | Build | House |
| 18:31 | Build | University |
| 18:32 | Queue | Villager (Male) |
| 18:35 | Build | Farm |
| 18:41 | Queue | Villager (Male) |
| 18:45 | Queue | Villager (Male) |
| 18:49 | Build | Mining Camp |
| 18:50 | Queue | Villager (Male) |
| 18:52 | Build | Farm |
| 18:53 | Build | Farm |
| 18:53 | Build | Farm |
| 18:53 | Build | Farm |
| 19:00 | Queue | Villager (Male) |
| 19:08 | Queue | Villager (Male) |
| 19:11 | Build | Mining Camp |
| 19:26 | Queue | Villager (Male) |
| 19:27 | Research | Hand Cart |
| 19:28 | Queue | Villager (Male) |
| 19:30 | Queue | Villager (Male) |
| 19:32 | Build | House |
| 19:33 | Build | House |
| 19:34 | Queue | Villager (Male) |
| 19:38 | Research | Stone Mining |
| 19:40 | Queue | Villager (Male) |
| 19:49 | Queue | Villager (Male) |
| 19:58 | Research | Gold Mining |
Build order — [TUC] Boomboy22
First 150 of 417 actions detected
| 0:00 | Queue | Villager (Male) |
| 0:01 | Queue | Villager (Male) |
| 0:01 | Queue | Villager (Male) |
| 0:04 | Build | Lumber Camp |
| 0:33 | Build | House |
| 0:38 | Queue | Villager (Male) |
| 1:08 | Queue | Villager (Male) |
| 1:26 | Queue | Villager (Male) |
| 2:02 | Queue | Villager (Male) |
| 2:03 | Queue | Villager (Male) |
| 2:35 | Build | Mill |
| 2:39 | Queue | Villager (Male) |
| 2:45 | Queue | Villager (Male) |
| 3:03 | Queue | Villager (Male) |
| 3:15 | Queue | Villager (Male) |
| 3:22 | Build | House |
| 3:29 | Queue | Villager (Male) |
| 3:58 | Build | House |
| 4:31 | Queue | Villager (Male) |
| 4:55 | Build | Farm |
| 4:58 | Build | Farm |
| 5:02 | Build | Farm |
| 5:04 | Queue | Villager (Male) |
| 5:23 | Build | Farm |
| 5:36 | Queue | Villager (Male) |
| 5:36 | Queue | Villager (Male) |
| 5:51 | Research | Feudal Age |
| 6:12 | Build | Mining Camp |
| 7:30 | Queue | Villager (Male) |
| 7:31 | Queue | Villager (Male) |
| 8:25 | Age | Feudal Age |
| 8:27 | Build | Market |
| 8:31 | Build | Blacksmith |
| 8:48 | Research | Double-Bit Axe |
| 8:54 | Build | House |
| 9:15 | Research | Castle Age |
| 9:21 | Build | Mining Camp |
| 9:49 | Research | Horse Collar |
| 10:02 | Research | Stone Mining |
| 10:09 | Build | Farm |
| 10:38 | Build | Farm |
| 10:40 | Build | Farm |
| 11:15 | Build | Farm |
| 11:55 | Age | Castle Age |
| 11:57 | Build | Town Center |
| 11:58 | Queue | Villager (Male) |
| 11:59 | Queue | Villager (Male) |
| 12:17 | Research | Bow Saw |
| 12:39 | Queue | Villager (Male) |
| 12:51 | Research | Heavy Plow |
| 12:54 | Queue | Villager (Male) |
| 13:13 | Queue | Villager (Male) |
| 13:20 | Queue | Villager (Male) |
| 13:21 | Queue | Villager (Male) |
| 13:34 | Build | Farm |
| 13:44 | Queue | Villager (Male) |
| 14:02 | Build | Town Center |
| 14:05 | Queue | Villager (Male) |
| 14:10 | Build | House |
| 14:14 | Build | House |
| 14:16 | Queue | Villager (Male) |
| 14:36 | Build | Farm |
| 14:37 | Build | Farm |
| 14:40 | Build | Farm |
| 14:49 | Research | Wheelbarrow |
| 14:51 | Research | Loom |
| 15:00 | Build | Farm |
| 15:05 | Queue | Villager (Male) |
| 15:05 | Queue | Villager (Male) |
| 15:09 | Build | House |
| 15:17 | Build | Farm |
| 15:23 | Build | Farm |
| 15:30 | Build | Farm |
| 15:31 | Queue | Villager (Male) |
| 15:32 | Queue | Villager (Male) |
| 15:35 | Build | Farm |
| 15:40 | Build | Farm |
| 15:43 | Build | Farm |
| 15:43 | Queue | Villager (Male) |
| 15:59 | Build | House |
| 16:04 | Build | Farm |
| 16:08 | Build | Farm |
| 16:08 | Queue | Villager (Male) |
| 16:13 | Queue | Villager (Male) |
| 16:25 | Build | Farm |
| 16:27 | Queue | Villager (Male) |
| 16:31 | Build | House |
| 16:37 | Queue | Villager (Male) |
| 16:38 | Queue | Villager (Male) |
| 16:40 | Build | Farm |
| 16:41 | Queue | Villager (Male) |
| 16:41 | Queue | Villager (Male) |
| 16:44 | Build | Farm |
| 16:51 | Queue | Villager (Male) |
| 16:51 | Queue | Villager (Male) |
| 16:54 | Build | Farm |
| 17:02 | Queue | Villager (Male) |
| 17:06 | Build | House |
| 17:08 | Build | House |
| 17:11 | Queue | Villager (Male) |
| 17:12 | Queue | Villager (Male) |
| 17:18 | Queue | Villager (Male) |
| 17:18 | Queue | Villager (Male) |
| 17:22 | Build | Town Center |
| 17:23 | Queue | Villager (Male) |
| 17:24 | Queue | Villager (Male) |
| 17:40 | Queue | Villager (Male) |
| 17:40 | Queue | Villager (Male) |
| 17:45 | Build | Lumber Camp |
| 17:46 | Build | Lumber Camp |
| 17:49 | Queue | Villager (Male) |
| 17:50 | Queue | Villager (Male) |
| 17:50 | Queue | Villager (Male) |
| 17:55 | Build | Farm |
| 17:56 | Queue | Villager (Male) |
| 18:02 | Queue | Villager (Male) |
| 18:06 | Queue | Villager (Male) |
| 18:18 | Build | House |
| 18:19 | Build | House |
| 18:27 | Build | Farm |
| 18:28 | Queue | Villager (Male) |
| 18:30 | Build | Farm |
| 18:31 | Queue | Villager (Male) |
| 18:32 | Queue | Villager (Male) |
| 18:36 | Build | Farm |
| 18:39 | Build | Farm |
| 18:39 | Build | Farm |
| 18:47 | Build | Farm |
| 18:48 | Queue | Villager (Male) |
| 18:48 | Queue | Villager (Male) |
| 18:48 | Queue | Villager (Male) |
| 18:51 | Queue | Villager (Male) |
| 18:55 | Build | House |
| 18:56 | Queue | Villager (Male) |
| 19:06 | Build | Mill |
| 19:08 | Build | Farm |
| 19:08 | Build | Farm |
| 19:08 | Build | Farm |
| 19:09 | Build | Farm |
| 19:09 | Build | Farm |
| 19:09 | Build | Farm |
| 19:10 | Build | Farm |
| 19:10 | Build | Farm |
| 19:11 | Build | Farm |
| 19:11 | Build | Farm |
| 19:12 | Build | Farm |
| 19:12 | Build | Farm |
| 19:15 | Queue | Villager (Male) |
| 19:16 | Queue | Villager (Male) |
| 19:16 | Queue | Villager (Male) |
Build order — twitch.tv/TheSeniorSmurf
First 150 of 412 actions detected
| 0:08 | Build | Lumber Camp |
| 0:09 | Queue | Villager (Male) |
| 0:09 | Queue | Villager (Male) |
| 0:09 | Queue | Villager (Male) |
| 0:10 | Queue | Villager (Male) |
| 0:40 | Build | House |
| 1:00 | Queue | Villager (Male) |
| 1:00 | Queue | Villager (Male) |
| 1:01 | Queue | Villager (Male) |
| 1:01 | Queue | Villager (Male) |
| 1:56 | Queue | Villager (Male) |
| 1:56 | Queue | Villager (Male) |
| 1:57 | Queue | Villager (Male) |
| 2:32 | Queue | Villager (Male) |
| 2:33 | Queue | Villager (Male) |
| 2:33 | Queue | Villager (Male) |
| 2:33 | Queue | Villager (Male) |
| 3:05 | Build | House |
| 3:34 | Queue | Villager (Male) ×3 |
| 4:00 | Build | Mill |
| 5:15 | Build | Mining Camp |
| 5:32 | Research | Feudal Age |
| 5:52 | Build | Farm |
| 6:13 | Queue | Villager (Male) |
| 6:13 | Queue | Villager (Male) |
| 6:24 | Build | Farm |
| 6:31 | Build | Farm |
| 7:16 | Build | Farm |
| 7:36 | Queue | Villager (Male) |
| 7:37 | Queue | Villager (Male) |
| 7:42 | Age | Feudal Age |
| 8:15 | Queue | Villager (Male) |
| 8:34 | Build | House |
| 8:47 | Research | Castle Age |
| 9:29 | Research | Double-Bit Axe |
| 10:06 | Research | Horse Collar |
| 11:27 | Age | Castle Age |
| 11:30 | Build | Town Center |
| 11:32 | Queue | Villager (Male) |
| 11:32 | Queue | Villager (Male) |
| 11:32 | Queue | Villager (Male) |
| 11:32 | Queue | Villager (Male) |
| 11:33 | Queue | Villager (Male) |
| 11:36 | Build | Town Center |
| 11:51 | Build | Monastery |
| 12:29 | Build | Farm |
| 12:30 | Queue | Monk |
| 12:31 | Queue | Monk |
| 12:41 | Build | House |
| 12:44 | Build | House |
| 12:46 | Queue | Villager (Male) |
| 12:46 | Queue | Villager (Male) |
| 12:46 | Queue | Villager (Male) |
| 12:46 | Queue | Villager (Male) |
| 12:55 | Build | Farm |
| 12:58 | Queue | Villager (Male) |
| 12:59 | Queue | Villager (Male) |
| 13:08 | Build | Farm |
| 13:19 | Build | Farm |
| 13:24 | Queue | Villager (Male) |
| 13:24 | Queue | Villager (Male) |
| 13:25 | Queue | Villager (Male) |
| 13:36 | Queue | Villager (Male) |
| 13:37 | Queue | Villager (Male) |
| 13:43 | Build | Farm |
| 13:47 | Build | Farm |
| 13:52 | Build | Farm |
| 13:55 | Build | Farm |
| 13:56 | Build | Farm |
| 14:00 | Queue | Villager (Male) |
| 14:00 | Queue | Villager (Male) |
| 14:04 | Build | Farm |
| 14:09 | Queue | Villager (Male) |
| 14:09 | Queue | Villager (Male) |
| 14:12 | Build | Farm |
| 14:16 | Queue | Villager (Male) |
| 14:16 | Queue | Villager (Male) |
| 14:16 | Queue | Villager (Male) |
| 14:33 | Build | Farm |
| 14:36 | Build | Farm |
| 14:40 | Queue | Villager (Male) |
| 14:40 | Queue | Villager (Male) |
| 14:40 | Queue | Villager (Male) |
| 14:45 | Build | Farm |
| 14:46 | Build | Farm |
| 14:50 | Queue | Villager (Male) |
| 14:51 | Queue | Villager (Male) |
| 15:03 | Build | Farm |
| 15:08 | Build | Farm |
| 15:09 | Queue | Villager (Male) |
| 15:10 | Queue | Villager (Male) |
| 15:10 | Queue | Villager (Male) |
| 15:16 | Queue | Villager (Male) |
| 15:16 | Queue | Villager (Male) |
| 15:24 | Queue | Villager (Male) |
| 15:24 | Queue | Villager (Male) |
| 15:25 | Queue | Villager (Male) |
| 15:27 | Build | Farm |
| 15:29 | Build | Farm |
| 15:34 | Queue | Villager (Male) |
| 15:34 | Queue | Villager (Male) |
| 15:34 | Queue | Villager (Male) |
| 15:57 | Queue | Villager (Male) |
| 15:58 | Queue | Villager (Male) |
| 15:58 | Queue | Villager (Male) |
| 15:58 | Queue | Villager (Male) |
| 16:08 | Queue | Villager (Male) |
| 16:08 | Queue | Villager (Male) |
| 16:13 | Build | House |
| 16:14 | Build | House |
| 16:14 | Build | House |
| 16:23 | Build | Farm |
| 16:25 | Build | Farm |
| 16:27 | Build | Farm |
| 16:33 | Build | Farm |
| 17:07 | Queue | Villager (Male) |
| 17:07 | Queue | Villager (Male) |
| 17:08 | Queue | Villager (Male) |
| 17:08 | Queue | Villager (Male) |
| 17:33 | Queue | Villager (Male) |
| 17:33 | Queue | Villager (Male) |
| 17:33 | Queue | Villager (Male) |
| 17:34 | Queue | Villager (Male) |
| 17:34 | Queue | Villager (Male) |
| 17:34 | Queue | Villager (Male) |
| 17:38 | Build | Farm |
| 17:38 | Build | Farm |
| 17:39 | Build | Farm |
| 17:39 | Build | Farm |
| 17:39 | Build | Farm |
| 17:44 | Build | Farm |
| 17:45 | Queue | Villager (Male) |
| 17:45 | Queue | Villager (Male) |
| 17:46 | Queue | Villager (Male) |
| 17:53 | Queue | Villager (Male) |
| 17:53 | Queue | Villager (Male) |
| 17:53 | Queue | Villager (Male) |
| 17:54 | Queue | Villager (Male) |
| 17:54 | Queue | Villager (Male) |
| 18:10 | Build | Farm |
| 18:14 | Build | Farm |
| 18:17 | Research | Bow Saw |
| 18:17 | Research | Bow Saw |
| 18:19 | Build | Lumber Camp |
| 18:22 | Build | House |
| 18:22 | Build | House |
| 18:23 | Build | House |
| 18:23 | Build | House |
| 18:23 | Build | House |
| 18:24 | Build | House |
Match timeline
| 7:42 | twitch.tv/TheSeniorSmurf · age_up feudal |
| 7:45 | b09581270 · age_up feudal |
| 8:00 | enzoyin68 · age_up feudal |
| 8:05 | AttilathePun463 · age_up feudal |
| 8:06 | Not Ben · age_up feudal |
| 8:25 | [TUC] Boomboy22 · age_up feudal |
| 8:26 | 16+顛峰 猛起 · age_up feudal |
| 9:17 | Diegazo · age_up feudal |
| 10:50 | b09581270 · age_up castle |
| 11:00 | Diegazo · wall_segment Stone Wall x1 |
| 11:27 | twitch.tv/TheSeniorSmurf · age_up castle |
| 11:38 | enzoyin68 · age_up castle |
| 11:51 | twitch.tv/TheSeniorSmurf · first_building Monastery |
| 11:55 | AttilathePun463 · age_up castle |
| 11:55 | [TUC] Boomboy22 · age_up castle |
| 12:01 | Not Ben · age_up castle |
| 12:08 | Not Ben · first_building Monastery |
| 12:23 | 16+顛峰 猛起 · age_up castle |
| 12:35 | 16+顛峰 猛起 · first_building Castle |
| 12:47 | Diegazo · age_up castle |
| 12:53 | AttilathePun463 · first_building Monastery |
| 13:16 | Diegazo · first_building Castle |
| 13:41 | 16+顛峰 猛起 · first_market_buy 100 food |
| 13:51 | AttilathePun463 · first_building Siege Workshop |
| 13:54 | Not Ben · first_market_buy 100 wood |
| 14:48 | enzoyin68 · first_building Monastery |
| 14:55 | Diegazo · first_market_buy 100 food |
| 16:45 | 16+顛峰 猛起 · first_building Siege Workshop |
| 18:11 | AttilathePun463 · first_building Barracks |
| 18:28 | AttilathePun463 · first_market_sell 100 wood |
| 19:17 | twitch.tv/TheSeniorSmurf · first_building Stable |
| 19:21 | 16+顛峰 猛起 · first_market_sell 100 stone |
| 19:28 | AttilathePun463 · first_building Archery Range |
| 19:46 | Diegazo · first_building Siege Workshop |
| 19:59 | [TUC] Boomboy22 · first_building Barracks |
| 20:58 | Not Ben · first_building Barracks |
| 20:58 | [TUC] Boomboy22 · first_building Castle |
| 21:02 | [TUC] Boomboy22 · first_building Stable |
| 21:18 | [TUC] Boomboy22 · first_market_buy 100 wood |
| 22:00 | enzoyin68 · first_building Barracks |
| 22:05 | Diegazo · first_building Barracks |
| 22:49 | b09581270 · first_building Castle |
| 22:49 | Not Ben · first_building Castle |
| 22:55 | b09581270 · first_building Barracks |
| 23:11 | Diegazo · first_building Stable |
| 23:12 | enzoyin68 · first_building Castle |
| 23:28 | 16+顛峰 猛起 · first_building Barracks |
| 23:35 | enzoyin68 · first_building Stable |
| 23:49 | twitch.tv/TheSeniorSmurf · first_market_sell 100 food |
| 23:56 | AttilathePun463 · age_up imperial |
| 24:03 | Not Ben · age_up imperial |
| 24:13 | 16+顛峰 猛起 · first_building Stable |
| 24:40 | b09581270 · age_up imperial |
| 24:41 | enzoyin68 · age_up imperial |
| 25:04 | enzoyin68 · first_building Siege Workshop |
| 25:43 | 16+顛峰 猛起 · first_building Archery Range |
| 26:00 | [TUC] Boomboy22 · age_up imperial |
| 26:23 | twitch.tv/TheSeniorSmurf · age_up imperial |
| 27:28 | b09581270 · first_building Siege Workshop |
| 28:28 | AttilathePun463 · first_building Castle |
| 28:47 | [TUC] Boomboy22 · first_market_sell 100 food |
| 29:15 | b09581270 · first_building Stable |
| 29:39 | [TUC] Boomboy22 · first_building Siege Workshop |
| 30:51 | Diegazo · age_up imperial |
| 33:33 | Diegazo · first_building Monastery |
| 35:38 | twitch.tv/TheSeniorSmurf · tribute_sent a jugador 1 |
| 35:38 | twitch.tv/TheSeniorSmurf · tribute_sent a jugador 2 |
| 35:38 | twitch.tv/TheSeniorSmurf · tribute_sent a jugador 3 |
| 35:38 | twitch.tv/TheSeniorSmurf · tribute_sent a jugador 4 |
| 35:38 | twitch.tv/TheSeniorSmurf · tribute_sent a jugador 5 |
| 35:38 | twitch.tv/TheSeniorSmurf · tribute_sent a jugador 6 |
| 35:38 | twitch.tv/TheSeniorSmurf · tribute_sent a jugador 7 |
| 36:00 | 16+顛峰 猛起 · resign |
[ AI ANALYSIS · 1 CREDIT ]
What really happened in this match?
Wolo.gg analyzes every decision: build order, eco, micro, common mistakes by bracket. Personalized analysis on WhatsApp or Discord in 30 seconds.
Civ guide
Wei
Perfil
中國香港玩家